 Dungeon Crawl Stone Soup version 0.27.0-1-g7a089689b8 (webtiles) character file.

Game seed: 12642395503882564685

3740 dolemite99 the Magus (level 9, -3/67 HPs)
             Began as a Demonspawn Gladiator on Aug 6, 2021.
             Was an Elder of Nemelex Xobeh.
             Shot with an arrow by a centaur warrior (11 damage)
             ... on level 8 of the Dungeon.
             The game lasted 00:12:42 (9570 turns).

dolemite99 the Magus (Demonspawn Gladiator)         Turns: 9570, Time: 00:12:43

Health: -3/67      AC: 11    Str: 17    XL:     9   Next: 93%
Magic:  0/16       EV:  9    Int: 10    God:    Nemelex Xobeh [****..]
Gold:   139        SH:  5    Dex: 15    Spells: 8/8 levels left

rFire    . . .     SeeInvis .   b - +2 dire flail (vorpal)
rCold    . . .     Faith    .   (shield currently unavailable)
rNeg     . . .     Spirit   +   D - +0 chain mail {rPois}
rPois    +         Reflect  +   (helmet restricted)
rElec    .         Harm     .   (no cloak)
rCorr    .         Rampage  .   w - +0 pair of gloves
Will     .....                  E - +0 pair of boots
Stlth    ..........             n - amulet of reflection
HPRegen  0.21/turn              (no ring)
MPRegen  0.30/turn              (no ring)

@: no status effects
A: horns 2, ignite blood 1, magic shield, magic regeneration, sturdy frame 1
a: Renounce Religion, Draw Escape, Draw Destruction, Draw Summoning, Triple
Draw, Deal Four


You were on level 8 of the Dungeon.
You worshipped Nemelex Xobeh.
Nemelex Xobeh was greatly pleased with you.
You visited 1 branch of the dungeon, and saw 10 of its levels.

You collected 359 gold pieces.
You spent 220 gold pieces at shops.

Inventory:

Hand Weapons
 a - a +0 war axe
 b - a +2 vorpal dire flail (weapon)
 d - a +1 dagger of venom
 o - a +0 short sword of draining
 B - a +1 vampiric war axe
Missiles
 m - 210 stones
 q - 126 arrows
 u - 37 poisoned darts (quivered)
 z - 22 boomerangs
Armour
 w - a +0 pair of gloves (worn)
 D - a +0 chain mail of poison resistance (worn)
 E - a +0 pair of boots (worn)
Magical Staves
 k - a staff of cold
Jewellery
 n - an amulet of reflection (around neck)
 p - a +6 ring of dexterity
 F - a ring of protection from cold
Wands
 C - a wand of iceblast (13)
 G - a wand of charming (8)
Scrolls
 e - 3 scrolls of fear
 g - a scroll of immolation
 j - 2 scrolls of magic mapping
 l - a scroll of blinking
 t - a scroll of identify {@r1}
 v - a scroll of teleportation
 y - a scroll of fog
Potions
 c - 4 potions of curing
 f - a potion of brilliance
 h - a potion of attraction
 i - a potion of berserk rage {unknown}
 r - a potion of heal wounds
 s - 4 potions of flight
 x - 3 potions of haste
 A - a potion of magic {unknown}
 H - a potion of mutation {unknown}


   Skills:
 + Level 4.8 Fighting
 - Level 7.2(8.2) Axes
 - Level 5.8(7.5) Maces & Flails
 - Level 1.7 Throwing
 + Level 3.8 Armour
 - Level 2.6 Dodging
 + Level 10.6 Invocations


You had 8 spell levels left.
You didn't know any spells.
Your spell library contained the following spells:

 Spells                   Type           Power      Damage    Failure   Level
 Corpse Rot               Necr/Air       N/A        N/A       99%         2
 Dispel Undead            Necr           0%         3d6       100%        4
 Death Channel            Necr           0%         N/A       100%        6


Dungeon Overview and Level Annotations

Branches:
Dungeon (10/15)
 Temple: D:4-7         Lair: D:8-11         Orc: D:9-12

Altars:
Fedhas
Nemelex Xobeh
Okawaru
Sif Muna
Trog
Vehumet
Zin
The Shining One

Shops:
D:2 ?   D:7 [

Annotations:
D:4 exclusions: downstairs and statue
D:5 Ijyb
D:6 3 runed translucent doors, xSliceyx's ghost, novice DsFi


Innate Abilities, Weirdness & Mutations

You have a pair of horns on your head.
Your demonic aura sometimes causes spilled blood to erupt in flames.
When hurt, damage is shared between your health and your magic reserves.
You regenerate magic rapidly.
Your movements are slightly less encumbered by armour. (ER -2)


Message History

The deep elf pyromancer blinks!
Your killer bee misses the fire elemental.
The fire elemental closely misses your killer bee.
Your killer bee misses the fire elemental.
The centaur warrior hits your +0 quarterstaff with a staff of cold!
The centaur warrior freezes your +0 quarterstaff.
Your +0 quarterstaff is destroyed!
The fire elemental hits you. The fire elemental burns you!
There is an open door here.
You draw a card...
You have drawn the Swarm.
Your killer bee completely misses the fire elemental.
The fire elemental hits your killer bee.
The fire elemental burns your killer bee!
Your killer bee dies!
Your killer bee's corpse disappears in a puff of smoke!
You block the fire elemental's attack.
Your centaur wields a +0 shortbow.
Your centaur shoots an arrow.
The arrow hits the fire elemental!
The fire elemental is destroyed!
Your centaur shoots an arrow.
The arrow hits the fire elemental.
The centaur warrior wields a +0 shortbow.
The centaur warrior shoots an arrow.
The arrow hits your centaur!
Your killer bee stings the fire elemental!
The fire elemental hits your killer bee.
The fire elemental burns your killer bee!
Your killer bee barely misses the fire elemental.
The centaur warrior shoots an arrow.
The arrow hits you!!
* * * LOW HITPOINT WARNING * * *
The fire elemental barely misses your killer bee.
What are your orders? t - Shout!
Orders for allies: a - Attack new target. r - Retreat! s - Stop attacking. g - Guard the area. f - Follow me.
Anything else - Cancel.
Guard this area!
Your killer bee barely misses the fire elemental.
The centaur warrior shoots an arrow.
The arrow hits you!
You die...
Your body glows slightly and disappears.

.....#.....#.###.#.#
.....##........#)#.#
.######....#.#.#.#.# .#
#....#.#.#)#.# .#
#....#.#.#.#)# .##
#....#.#...#.# ..#
#....#.#.....# #.#
#......))....#
#.########.#.#..@..#
#........#.#.#..c..#
.........#.#.###y#.#
.........#.#.###E#c#
.........#.#.#...#.#####
.........#...#.#.#.....#
#...............C..###
#..........#####e....#
#........###............#


You could see a centaur warrior, a cyclops, a deep elf pyromancer, a fire
elemental (summoned, ally target), a friendly centaur (summoned) and a friendly
killer bee (summoned).

Vanquished Creatures
  Psyche (D:9)
  A wyvern (D:9)
  A yak (D:10)
  2 steam dragons (D:6)
  Edmund (D:5)
  A swamp drake (D:10)
  2 orc warriors
  A sky beast (D:5)
  2 necrophages (D:6)
  An ogre (D:4)
  2 centaurs
  A bullfrog (D:7)
  4 scorpions
  A water moccasin skeleton (D:5)
  2 howler monkeys
  4 centaur zombies
  A centaur skeleton (D:5)
  A hound (D:5)
  3 bullfrog skeletons
  4 orc priests
  An iguana (D:5)
  Terence (D:3)
  5 orc wizards
  A killer bee zombie (D:6)
  Robin (D:3)
  4 gnolls (D:5)
  8 adders
  3 white imps
  An adder skeleton (D:4)
  3 worms
  A dart slug (D:3)
  20 orcs
  5 ball pythons
  7 bats
  3 endoplasms
  4 giant cockroaches
  12 goblins
  7 hobgoblins
  6 quokkas
  4 frilled lizards
  6 kobolds
  9 rats
148 creatures vanquished.

Vanquished Creatures (collateral kills)
  5 yaks (D:10)
  A water moccasin (D:8)
  An orc warrior (D:10)
  An orc (D:10)
8 creatures vanquished.

Vanquished Creatures (others)
  4 bushes (D:9)
  A fungus (D:9)
  23 plants
28 creatures vanquished.

Grand Total: 184 creatures vanquished

Notes
Turn   | Place    | Note
-------+----------+-------------------------------------------
     0 | D:1      | dolemite99 the Demonspawn Gladiator began the quest for the
                  | Orb.
     0 | D:1      | Reached XP level 1. HP: 16/16 MP: 1/1
   181 | D:1      | Gained mutation: You have a pair of small horns on your
                  | head. [demonic ancestry]
   181 | D:1      | Reached XP level 2. HP: 22/22 MP: 2/2
  1200 | D:1      | Found a faded altar of an unknown god.
  1204 | D:1      | Became a worshipper of Nemelex Xobeh the Trickster
  1204 | D:1      | Reached * piety under Nemelex Xobeh
  1395 | D:2      | Gained mutation: You regenerate magic rapidly. [demonic
                  | ancestry]
  1395 | D:2      | Reached XP level 3. HP: 24/27 MP: 3/3
  1444 | D:2      | Received a gift from Nemelex Xobeh
  2088 | D:2      | Found Ockam's Magic Scroll Boutique.
  2098 | D:2      | Bought a scroll of fear for 45 gold pieces
  2098 | D:2      | Bought a scroll of teleportation for 39 gold pieces
  2296 | D:3      | Reached ** piety under Nemelex Xobeh
  2315 | D:3      | Reached XP level 4. HP: 30/33 MP: 4/4
  2351 | D:3      | Noticed Terence
  2610 | D:3      | Reached skill level 5 in Axes
  2656 | D:3      | Killed Terence
  2767 | D:3      | Gained mutation: Your demonic aura sometimes causes spilled
                  | blood to erupt in flames. [demonic ancestry]
  2767 | D:3      | Reached XP level 5. HP: 38/38 MP: 5/5
  3141 | D:3      | Noticed Robin
  3163 | D:3      | Killed Robin
  3680 | D:2      | Bought a scroll of identify for 26 gold pieces
  3754 | D:4      | Found an iron altar of Okawaru.
  3760 | D:4      | Received a gift from Nemelex Xobeh
  3793 | D:4      | Found a blossoming altar of Fedhas.
  4248 | D:4      | Noticed an ogre
  4249 | D:4      | Found a shimmering blue altar of Sif Muna.
  4258 | D:4      | Killed an ogre
  4259 | D:4      | Reached XP level 6. HP: 21/44 MP: 6/6
  5237 | D:4      | Reached *** piety under Nemelex Xobeh
  5255 | D:4      | Found a radiant altar of Vehumet.
  5534 | D:5      | Entered Level 5 of the Dungeon
  5534 | D:5      | Noticed Edmund
  5545 | D:5      | Killed Edmund
  5935 | D:5      | Received a gift from Nemelex Xobeh
  5952 | D:5      | Reached skill level 1 in Maces & Flails
  5952 | D:5      | Gained mutation: When hurt, damage is shared between your
                  | health and your magic reserves. [demonic ancestry]
  5952 | D:5      | Reached XP level 7. HP: 41/50 MP: 7/7
  6373 | D:5      | Noticed Ijyb
  6805 | D:6      | Noticed a steam dragon
  6821 | D:6      | Killed a steam dragon
  6822 | D:6      | Reached skill level 5 in Maces & Flails
  6822 | D:6      | Gained mutation: You have a pair of horns on your head.
                  | [demonic ancestry]
  6822 | D:6      | Reached XP level 8. HP: 33/56 MP: 5/8
  6845 | D:6      | HP: 2/56 [poisoned by a scorpion]
  7328 | D:6      | Reached skill level 2 in Invocations
  7359 | D:6      | Noticed Eustachio
  7373 | D:6      | Noticed Eustachio
  7373 | D:6      | Eustachio changed into Eustachio the steam dragon
  7387 | D:6      | Killed Eustachio the steam dragon
  7388 | D:6      | Reached skill level 4 in Invocations
  7588 | D:6      | Reached skill level 5 in Invocations
  7669 | D:6      | Reached skill level 6 in Invocations
  7953 | D:6      | Found a runed translucent gate.
  7953 | D:6      | Found a runed translucent gate.
  7953 | D:6      | Found a runed translucent gate.
  7955 | D:6      | Noticed xSliceyx's ghost (novice DsFi)
  8064 | D:6      | Received a gift from Nemelex Xobeh
  8230 | D:7      | Reached skill level 7 in Invocations
  8318 | D:7      | Found Neys's Armour Emporium.
  8326 | D:7      | Bought a +0 chain mail of poison resistance for 110 gold
                  | pieces
  8401 | D:7      | You fall into a shaft and drop 3 floors!
  8401 | D:10     | Entered Level 10 of the Dungeon
  8499 | D:10     | Reached skill level 8 in Invocations
  8522 | D:10     | Gained mutation: Your movements are slightly less
                  | encumbered by armour. (ER -2) [demonic ancestry]
  8522 | D:10     | Reached XP level 9. HP: 49/61 MP: 15/15
  8535 | D:10     | Reached skill level 9 in Invocations
  8537 | D:10     | Reached skill level 1 in Armour
  8650 | D:10     | Reached **** piety under Nemelex Xobeh
  8691 | D:10     | Received a gift from Nemelex Xobeh
  9031 | D:9      | Reached skill level 10 in Invocations
  9081 | D:9      | Noticed Psyche
  9083 | D:9      | Killed Psyche
  9481 | D:8      | Found a bloodstained altar of Trog.
  9548 | D:8      | Noticed a deep elf pyromancer
  9550 | D:8      | Identified the ring "Guocuonudgh" {rPois rN+ Will+ Str+2
                  | Stlth-}
  9550 | D:8      | Noticed a centaur warrior
  9553 | D:8      | Noticed a cyclops
  9570 | D:8      | Shot with an arrow by a centaur warrior

Illustrated notes

Levels and vault maps discovered:
D:1:      minmay_arrival_plants_in_alcoves, layout_basic, basic_ecumenical_altar
D:2:      layout_loops_ring, serial_shops, shop_statue
D:3:      layout_basic, zin_statuary, uniq_terence, uniq_robin
D:4:      layout_basic, lemuel_crystal_altar, grunt_temple_overflow_open,
          vehumet_statue
D:5:      minmay_recursive_quarters, layout_basic,
          minmay_temple_entry_proselytizer, hangedman_decor_push, uniq_pikel,
          uniq_edmund, uniq_sigmund, uniq_ijyb
D:6:      layout_rooms, gammafunk_ghost_necromancy, uniq_eustachio
D:7:      layout_layer_cave, serial_shops, shop, uniq_harold
D:8:      layout_basic, mainiacjoe_overflow_six_doors_small,
          nicolae_ru_sacrificial_ziggurat, gammafunk_ghost_nasty_kobolds,
          minmay_radiant
D:9:      layout_roguey, minmay_lair_entry_grove, mrwooster_statue_mirror,
          uniq_psyche
D:10:     layout_cave_pods, uniq_fannar

Skill      XL: |  1  2  3  4  5  6  7  8  9 |
---------------+----------------------------+-----
Axes           | 3 4 5 6 7 |  7.2
Maces & Flails | 1 5 |  5.8
Invocations    | 8 10 | 10.6
Armour         | 3 |  3.8
Fighting       | 4 |  4.8
Throwing       | |  1.7
Dodging        | |  2.6

Action                   |  1- 3 |  4- 6 |  7- 9 || total
-------------------------+-------+-------+-------++-------
Melee: War axe           |   102 |   117 |       ||   219
       Headbutt          |    12 |    26 |    32 ||    70
       Dire flail        |       |     9 |   172 ||   181
Throw: Throwing net      |       |     3 |     1 ||     4
       Stone             |       |       |     3 ||     3
       Dart              |       |       |    42 ||    42
Invok: Draw Destruction  |       |       |     7 ||     7
       Draw Summoning    |       |       |     6 ||     6
       Draw Escape       |       |       |     2 ||     2
  Use: Scroll            |       |    12 |     6 ||    18
       Potion            |       |     1 |     3 ||     4
Armor: Leather armour    |    17 |       |       ||    17
       Chain mail        |    27 |    68 |   101 ||   196
Dodge: Dodged            |    82 |    39 |    69 ||   190
Block: Other             |    11 |    40 |    42 ||    93
       Reflection        |     1 |     1 |     2 ||     4
